 Dungeon Crawl Stone Soup version 0.30.0-30-g96aa6591b8 (webtiles) character file.

Game seed: 4170168301644896725

629 GimliDwarf the Frost Mage (level 7, -6/51 HPs)
             Began as a Gnoll Wanderer on June 26, 2023.
             Mangled by Edmund
             ... wielding a +0 dire flail of protection
              (13 damage)
             ... on level 5 of the Dungeon.
             The game lasted 00:23:02 (6043 turns).

GimliDwarf the Frost Mage (Gnoll Wanderer)          Turns: 6043, Time: 00:23:03

Health: -6/51      AC:  3    Str: 10    XL:     7   Next: 48%
Magic:  1/12       EV: 13    Int: 27    God:
Gold:   204        SH:  0    Dex: 11    Spells: 1/13 levels left

rFire   + . .        e - staff of fire "Gafiaw" {rF+ Will+ rCorr}
rCold   . . .        (no shield)
rNeg    . . .        c - +0 robe
rPois   .            (no helmet)
rElec   .            k - scarf {repulsion}
rCorr   +            d - +0 pair of gloves
SInv    .            (no boots)
Will    +....        (no amulet)
Stlth   ++           i - +6 ring of intelligence
HPRegen 0.28/turn    A - +6 ring of intelligence
MPRegen 0.13/turn

%: repel missiles
@: brilliant
A: fangs 1, strong nose, distributed training
a: no special abilities


You were on level 5 of the Dungeon.
You visited 1 branch of the dungeon, and saw 5 of its levels.

You collected 393 gold pieces.
You spent 189 gold pieces at shops.

Inventory:

Hand Weapons
 a - a +2 dagger of flaming
 m - a +1 mace of protection
Armour
 c - a +0 robe (worn)
 d - a +0 pair of gloves (worn)
 k - a scarf of repulsion (worn)
Magical Staves
 e - the staff of fire "Gafiaw" (weapon) {rF+ Will+ rCorr}
   (You acquired it on level 3 of the Dungeon)

   [staff of fire]

   Base accuracy: +5 Base damage: 5 Base attack delay: 1.2 This weapon's minimum
   attack delay (0.6) is reached at skill level 12.
   rF:        It protects you from fire.
   rCorr:     It protects you from acid and corrosion.
   Will:      It increases your willpower.
   It falls into the 'Staves' category.
   It is a one-handed weapon.
Jewellery
 i - a +6 ring of intelligence (left hand)
 z - a ring of positive energy
 A - a +6 ring of intelligence (right hand)
Wands
 o - a wand of digging (3)
 r - a wand of polymorph (11)
 w - a wand of iceblast (9)
 x - a wand of charming (2)
Scrolls
 j - 2 scrolls of amnesia
 p - a scroll of poison
 q - 2 scrolls of magic mapping
 t - a scroll of identify
 y - a scroll of brand weapon
Potions
 b - a potion of heal wounds
 g - 2 potions of lignification
 h - 2 potions of attraction {unknown}
 l - a potion of brilliance
 n - a potion of mutation
 s - 2 potions of curing
 u - 3 potions of might {unknown}
 v - 3 potions of invisibility {unknown}


   Skills:
 + Level 2.6 Fighting
 + Level 2.6 Short Blades
 + Level 2.6 Long Blades
 + Level 2.6 Axes
 + Level 2.6 Maces & Flails
 + Level 2.6 Polearms
 + Level 2.6 Staves
 + Level 2.6 Ranged Weapons
 + Level 3.7 Throwing
 + Level 2.6 Armour
 + Level 3.7 Dodging
 + Level 2.6 Stealth
 + Level 2.6 Shields
 + Level 2.6 Unarmed Combat
 + Level 3.9 Spellcasting
 + Level 2.1 Conjurations
 + Level 2.1 Hexes
 + Level 2.1 Summonings
 + Level 2.1 Necromancy
 + Level 4.4 Translocations
 + Level 2.1 Transmutations
 + Level 2.1 Fire Magic
 + Level 9.0 Ice Magic
 + Level 2.1 Air Magic
 + Level 2.1 Earth Magic
 + Level 2.1 Poison Magic
 + Level 2.9 Invocations
 + Level 2.6 Evocations


You had one spell level left.
You knew the following spells:

 Your Spells              Type           Power      Damage    Failure   Level
a - Freeze                Ice            100%       1d10      1%          1
b - Blink                 Tloc           86%        N/A       1%          2
c - Hailstorm             Conj/Ice       52%        3d12      2%          3
d - Momentum Strike       Conj/Tloc      68%        3d9       3%          2
e - Shock                 Conj/Air       100%       1d9       3%          1
f - Stone Arrow           Conj/Erth      50%        3d10      10%         3

Your spell library contained the following spells:

 Spells                   Type           Power      Damage    Failure   Level
 Apportation              Tloc           86%        N/A       1%          1
 Necrotise                Necr           100%       1d9       3%          1
 Summon Small Mammal      Summ           100%       N/A       3%          1
 Cigotuvi's Dreadful Rot  Necr/Pois/Air  50%        N/A       4%          2
 Sublimation of Blood     Necr           25%        N/A       4%          2
 Vhi's Electric Charge    Tloc/Air       68%        N/A       6%          3
 Summon Ice Beast         Ice/Summ       52%        N/A       8%          4
 Swiftness                Air            25%        N/A       10%         3
 Tukima's Dance           Hex            25%        N/A       10%         3
 Passage of Golubria      Tloc           43%        N/A       13%         4
 Airstrike                Air            12%        2d(2-18)  32%         4
 Animate Armour           Summ/Erth      50%        N/A       32%         4
 Dispel Undead            Necr           25%        3d12      32%         4
 Petrify                  Tmut/Erth      25%        N/A       32%         4
 Arcjolt                  Conj/Air       12%        1d22      67%         5
 Irradiate                Conj/Tmut      12%        3d15      67%         5
 Yara's Violent Unravell  Hex/Tmut       12%        3d7       67%         5
 Death Channel            Necr           12%        N/A       99%         6
 Lehudib's Crystal Spear  Conj/Erth      12%        10d4      100%        8
 Maxwell's Capacitive Co  Air            12%        ∞         100%        8


Dungeon Overview and Level Annotations

Branches:
Dungeon (5/15)
 Temple: D:4-7

Altars:
Elyvilon
The Shining One

Shops:
D:3 *   D:4 (   D:5 =(

Annotations:
D:5 Edmund


Innate Abilities, Weirdness & Mutations

You have very sharp teeth.
Your uncanny sense of smell can sniff out nearby items.
Your experience applies equally to all skills.


Message History

Casting: Momentum Strike (safe; 3% risk of failure)
Confirm with . or Enter, or press ? or * to list all spells.
You don't have enough magic to cast this spell.
Unknown command.
You feel much better.
Edmund hits you with a +0 dire flail of protection.
You feel clever all of a sudden. Edmund completely misses you.
Casting: Momentum Strike (safe; 3% risk of failure)
Confirm with . or Enter, or press ? or * to list all spells.
Aiming: Stone Arrow (dangerous; 10% risk of failure)
Press: ? - help, Shift-Dir - straight line, f/p - Edmund
Aim: Edmund, wielding a +0 dire flail of protection and wearing a +0 scale mail (moderately wounded, 75% to hit)
You feel a surge of power!
The stone arrow hits Edmund.
Edmund is heavily wounded.
Edmund hits you with a +0 dire flail of protection!
You hit Edmund.
Edmund is heavily wounded.
Edmund hits you with a +0 dire flail of protection.
You hit Edmund but do no damage. You burn Edmund.
Edmund is heavily wounded.
You are no longer robbed of momentum.
Edmund barely misses you.
You closely miss Edmund. You punch Edmund, but do no damage.
Edmund is heavily wounded.
Edmund drinks a potion.
Edmund is healed!
You hit Edmund but do no damage. You bite Edmund, but do no damage.
Edmund is moderately wounded.
Edmund barely misses you.
You barely miss Edmund.
Edmund is moderately wounded.
Edmund hits you with a +0 dire flail of protection.
You barely miss Edmund.
Edmund is moderately wounded.
Edmund hits you with a +0 dire flail of protection!
* * * LOW HITPOINT WARNING * * *
You hit Edmund but do no damage.
Edmund is moderately wounded.
Edmund hits you with a +0 dire flail of protection!
You die...

..### #(..#......'.o..[# #.#
#...## #####......#####[# #.#
###..#######...########)#####.#
# #.......##..................#
# #.......#####...............#
# #...[...# #....♣..........# #
#.......# #...............# #
###.##### #...♣∩♣.........# #
#..# #.@.............# # ##.##
#.@..♣..........# # #..##
#...............# # ####..##
#...............# # #......#
#...............# # #......##
#...............# #
#.......#####.#######......# #
#.....#...# #.......#.####.# #
#.....###.#########.#.# #.#


You could see Edmund.

Vanquished Creatures
  2 ogres (D:5)
  A phantom (D:4)
  A scorpion (D:5)
  A hound (D:4)
  Natasha (thrice) (D:2)
  2 iguanas (D:5)
  An orc wizard (D:5)
  Terence (D:3)
  3 gnolls (D:3)
  An adder (D:3)
  A white imp (D:4)
  5 worms
  6 orcs
  9 ball pythons
  10 endoplasms
  A giant cockroach (D:2)
  2 goblins
  8 hobgoblins
  5 kobolds
  A quokka (D:3)
  6 frilled lizards
  A goblin skeleton (D:4)
  3 goblin zombies (D:4)
  2 hobgoblin zombies (D:4)
  A kobold skeleton (D:4)
  A kobold zombie (D:4)
  An orc skeleton (D:4)
  2 orc zombies (D:4)
  4 rats
85 creatures vanquished.

Notes
Turn   | Place    | Note
-------+----------+-------------------------------------------
     0 | D:1      | GimliDwarf the Gnoll Wanderer began the quest for the Orb.
     0 | D:1      | GimliDwarf set off with the following items: a +0 dagger, a
                  | potion of heal wounds, a +0 robe, a +0 pair of gloves; and
                  | the following spell memorised: Freeze; and the following
                  | spells available to memorise: Blink, Hailstorm, Momentum
                  | Strike, Summon Ice Beast.
     0 | D:1      | Reached XP level 1. HP: 13/13 MP: 4/4
   183 | D:1      | Reached XP level 2. HP: 19/19 MP: 3/5
   576 | D:1      | You fall into a shaft and drop 1 floor!
   716 | D:1      | Found a faded altar of an unknown god.
   732 | D:1      | Reached XP level 3. HP: 25/25 MP: 2/7
  1138 | D:2      | Learned a level 2 spell: Blink
  1142 | D:2      | Learned a level 3 spell: Hailstorm
  1294 | D:2      | Noticed Natasha
  1302 | D:2      | Killed Natasha
  1303 | D:2      | Reached skill level 1 in Fighting
  1303 | D:2      | Reached skill level 1 in Short Blades
  1303 | D:2      | Reached skill level 1 in Long Blades
  1303 | D:2      | Reached skill level 1 in Axes
  1303 | D:2      | Reached skill level 1 in Maces & Flails
  1303 | D:2      | Reached skill level 1 in Polearms
  1303 | D:2      | Reached skill level 1 in Staves
  1303 | D:2      | Reached skill level 1 in Ranged Weapons
  1303 | D:2      | Reached skill level 1 in Armour
  1303 | D:2      | Reached skill level 1 in Stealth
  1303 | D:2      | Reached skill level 1 in Shields
  1303 | D:2      | Reached skill level 1 in Unarmed Combat
  1303 | D:2      | Reached skill level 1 in Invocations
  1303 | D:2      | Reached skill level 1 in Evocations
  1483 | D:2      | Noticed Natasha
  1487 | D:2      | Killed Natasha
  1488 | D:2      | Reached skill level 1 in Conjurations
  1488 | D:2      | Reached skill level 1 in Hexes
  1488 | D:2      | Reached skill level 1 in Summonings
  1488 | D:2      | Reached skill level 1 in Necromancy
  1488 | D:2      | Reached skill level 1 in Transmutations
  1488 | D:2      | Reached skill level 1 in Fire Magic
  1488 | D:2      | Reached skill level 1 in Air Magic
  1488 | D:2      | Reached skill level 1 in Earth Magic
  1488 | D:2      | Reached skill level 1 in Poison Magic
  1488 | D:2      | Reached XP level 4. HP: 32/32 MP: 5/8
  1532 | D:2      | Noticed Natasha
  1537 | D:2      | Killed Natasha
  1585 | D:2      | Learned a level 2 spell: Momentum Strike
  2058 | D:2      | Reached XP level 5. HP: 37/37 MP: 6/9
  2439 | D:3      | Found Ivupi's General Store.
  2450 | D:3      | Bought a scroll of magic mapping for 105 gold pieces
  2450 | D:3      | Bought a potion of brilliance for 56 gold pieces
  2450 | D:3      | Bought a scroll of identify for 28 gold pieces
  3027 | D:3      | Noticed Terence
  3038 | D:3      | Learned a level 1 spell: Shock
  3233 | D:3      | Killed Terence
  3512 | D:3      | Identified a scroll of acquirement
  3512 | D:3      | Acquired the staff of fire "Gafiaw" {rF+ Will+ rCorr}
  3617 | D:4      | Found a glowing golden altar of the Shining One.
  4016 | D:4      | Reached XP level 6. HP: 44/44 MP: 4/11
  4585 | D:4      | Found Puhel's Antique Weapon Emporium.
  4602 | D:4      | Found a white marble altar of Elyvilon.
  5024 | D:5      | Entered Level 5 of the Dungeon
  5113 | D:4      | Learned a level 3 spell: Stone Arrow
  5122 | D:5      | Reached skill level 9 in Ice Magic
  5452 | D:5      | Reached XP level 7. HP: 51/51 MP: 2/12
  5582 | D:5      | Found Ecsalonn's Antique Weapon Emporium.
  5860 | D:5      | Found Siomy's Jewellery Shoppe.
  6022 | D:5      | Noticed Edmund
  6043 | D:5      | Mangled by Edmund

Illustrated notes

Levels and vault maps discovered:
D:1:      grunt_arrival_lava_bath, layout_basic,
          hellmonk_ecumenical_altar_arch_garden
D:2:      minmay_angry_zag, layout_loops_corners, uniq_natasha
D:3:      layout_basic, serial_shops, nicolae_shop_tiny_glass, uniq_terence
D:4:      layout_basic, nicolae_tso_besieged_by_evil, marbit_many_paths,
          serial_shops, nicolae_shop_trees, hangedman_abyss_or_decor_lesser_grid
D:5:      layout_basic, temple_hall, serial_shops, shop, nicolae_shop_trees,
          shop, uniq_edmund

Skill      XL: |  1  2  3  4  5  6  7 |
---------------+----------------------+-----
Fighting       | 1 2 |  2.6
Short Blades   | 1 2 |  2.6
Long Blades    | 1 2 |  2.6
Axes           | 1 2 |  2.6
Maces & Flails | 1 2 |  2.6
Polearms       | 1 2 |  2.6
Staves         | 1 2 |  2.6
Ranged Weapons | 1 2 |  2.6
Armour         | 1 2 |  2.6
Stealth        | 1 2 |  2.6
Shields        | 1 2 |  2.6
Unarmed Combat | 1 2 |  2.6
Invocations    | 1 2 |  2.9
Evocations     | 1 2 |  2.6
Spellcasting   | 3 |  3.9
Conjurations   | 1 2 |  2.1
Hexes          | 1 2 |  2.1
Summonings     | 1 2 |  2.1
Necromancy     | 1 2 |  2.1
Transmutations | 1 2 |  2.1
Fire Magic     | 1 2 |  2.1
Air Magic      | 1 2 |  2.1
Earth Magic    | 1 2 |  2.1
Poison Magic   | 1 2 |  2.1
Throwing       | 3 |  3.7
Dodging        | 3 |  3.7
Translocations | 4 |  4.4
Ice Magic      | 9 |  9.0

Action                     |  1- 3 |  4- 6 |  7- 9 || total
---------------------------+-------+-------+-------++-------
  Melee: Dagger            |     3 |       |       ||     3
         Bite              |     1 |     1 |     1 ||     3
         Mace              |     5 |     4 |       ||     9
         Staff             |       |    30 |     7 ||    37
         Punch             |       |     1 |     1 ||     2
   Cast: Freeze            |    43 |    28 |       ||    71
         Momentum Strike   |       |    25 |     4 ||    29
         Shock             |       |    55 |    10 ||    65
         Hailstorm         |       |     2 |       ||     2
         Stone Arrow       |       |     5 |    10 ||    15
  Evoke: Wand              |       |       |     1 ||     1
    Use: Scroll            |       |    12 |       ||    12
         Potion            |       |     2 |     3 ||     5
 Armour: Robe              |     5 |    10 |     3 ||    18
  Dodge: Dodged            |    29 |    29 |     7 ||    65
